 Dungeon Crawl Stone Soup version 0.27-a0-906-g0a00ce863d (webtiles) character file.

Game seed: 8794358744958090481

934 DarkShadow the Chopper (level 7, 0/58 (60) HPs)
             Began as a Minotaur Fighter on Apr 7, 2021.
             Was an Initiate of Gozag.
             Engulfed by a cloud of flame (27 damage)
             ... on level 5 of the Dungeon.
             The game lasted 00:09:50 (5009 turns).

DarkShadow the Chopper (Minotaur Fighter)           Turns: 5009, Time: 00:09:50

HP:   0/58 (60)     AC: 21    Str: 20    XL:     7   Next: 86%
MP:   6/6           EV:  8    Int:  5    God:    Gozag
Gold: 413           SH: 10    Dex: 12    Spells: 6/6 levels left

rFire    x . .     SeeInvis .   a - +0 war axe (protect)
rCold    + + .     Faith    .   c - +0 kite shield
rNeg     + . .     Spirit   .   q - +0 ice dragon scales
rPois    .         Reflect  .   (helmet restricted)
rElec    .         Harm     .   (no cloak)
rCorr    .         Rampage  .   (no gloves)
Will     .....                  k - +2 pair of boots
Stlth    ..........             (no amulet)
HPRegen  0.19/turn              m - ring of flight
MPRegen  0.10/turn              p - ring of positive energy

@: gold aura, protection aura, flying, lightly drained
A: horns 2, retaliatory headbutt
a: Renounce Religion, Potion Petition, Call Merchant, Bribe Branch


You were on level 5 of the Dungeon.
You worshipped Gozag.
Gozag was aware of your devotion.
You visited 1 branch of the dungeon, and saw 5 of its levels.

You collected 443 gold pieces.
You paid 30 gold pieces to Gozag.

Inventory:

Hand Weapons
 a - a +0 war axe of protection (weapon)
Armour
 b - a +0 scale mail
 c - a +0 kite shield (worn)
 g - a +0 pair of boots
 k - a +2 pair of boots (worn)
 q - +0 ice dragon scales (worn)
Jewellery
 m - a ring of flight (left hand)
 n - a ring of ice
 p - a ring of positive energy (right hand)
Wands
 t - a wand of flame (35)
 u - a wand of iceblast (11)
 v - a wand of random effects (22)
Scrolls
 r - a scroll of amnesia
Potions
 d - a potion of attraction {unknown}
 e - 2 potions of heal wounds
 f - 3 potions of flight {unknown}
 h - 2 potions of lignification
 i - 2 potions of degeneration {unknown}
 j - 4 potions of curing {unknown}
 l - a potion of cancellation {unknown}
 o - a potion of resistance {unknown}


   Skills:
 + Level 4.9 Fighting
 + Level 7.3 Axes
 + Level 5.9 Armour
 + Level 3.0 Dodging
 + Level 0.7 Stealth
 + Level 5.5 Shields


You had 6 spell levels left.
You didn't know any spells.
Your spell library was empty.

Dungeon Overview and Level Annotations

Branches:
Dungeon (5/15)
 Temple: D:4-7

Altars:
Cheibriados
Gozag
Makhleb
Vehumet


Innate Abilities, Weirdness & Mutations

You have a pair of horns on your head.
You reflexively headbutt those who attack you in melee.


Message History

The scorpion stings you but does no damage.
The scorpion barely misses you. You furiously retaliate!
You headbutt the scorpion, but do no damage.
Found 15 stones.
A wight comes into view.
It is wielding a +4 war axe and wearing a +2 robe of cold resistance.
Found 20 gold pieces. 2 wights come into view.
As you read the scroll labelled VATEQE ESAOPE, it crumbles to dust.
The creatures around you are filled with an inner flame!
It was a scroll of immolation.
The scorpion misses you. The wight hits you but does no damage.
The scorpion misses you. The wight hits you with a +4 war axe.
You partially resist.
You feel drained.
Found a stone staircase leading up.
The scorpion barely misses you. You furiously retaliate!
You headbutt the scorpion, but do no damage.
The wight hits you with a +4 war axe. You partially resist.
You feel drained.
You hit the wight but do no damage.
Your weapon exudes an aura of protection.
You headbutt the wight, but do no damage.
The wight hits you with a +0 battleaxe. You block the wight's attack.
You hit the wight.
Flame seeps out of the wight.
The wight is lightly damaged.
The wight is engulfed in blazing flames.
Flame seeps out of the wight.
You block the wight's attack.
You hit the wight.
The wight explodes!
The fiery explosion engulfs you!! The fire burns you terribly!
The fiery explosion engulfs the scorpion!!
The scorpion explodes!
The fiery explosion engulfs the wight!!!
The wight explodes!
The fiery explosion engulfs the wight!!
The wight explodes!
The fiery explosion engulfs the wight!!!
The wight explodes!
The fiery explosion engulfs the ogre!!
Flame seeps out of the ogre.
The ogre is almost dead.
You are engulfed in blazing flames.
You die...
Your body crumbles into a pile of gold.

###<......).).....#
..)..#............# ##..
...(.###########......... ..(..#
##...##..$ # .....# #####
.......# .# #....#
##_._###.....(##.## #.##^###
#.....# ##........ #.
#.##...#####.).########.#.#....
...........##.##@°§§§§O........
..######..(##'#########.###...<#s
#.# #.......# #.#.. .z.
..#####.####..## #.#.# ....
........# ##..########.#.##...#
#......## ##..........#......#
.>.###.# ##########....# .#.###.#
#...[..$#.....# ....[...
................#


You could see an ogre (inner flame).

Vanquished Creatures
  Sigmund (D:5)
  2 ogres (D:5)
  A centaur (D:5)
  A scorpion (D:5)
  5 wights (D:5)
  A howler monkey (D:4)
  A crimson imp (D:5)
  2 jellies (D:4)
  Crazy Yiuf (D:3)
  2 hounds
  Jessica (D:3)
  2 bullfrog skeletons (D:3)
  An iguana (D:4)
  Robin (D:3)
  3 adders
  A white imp (D:3)
  An ufetubus (D:3)
  An adder skeleton (D:4)
  A worm (D:4)
  3 dart slugs
  7 orcs
  7 ball pythons
  3 endoplasms
  2 giant cockroaches
  16 goblins
  12 hobgoblins
  6 jackals
  2 quokkas
  6 bats
  4 frilled lizards
  7 kobolds
  3 rats
107 creatures vanquished.

Notes
Turn   | Place    | Note
-------+----------+-------------------------------------------
     0 | D:1      | DarkShadow the Minotaur Fighter began the quest for the
                  | Orb.
     0 | D:1      | Reached XP level 1. HP: 19/19 MP: 0/0
   438 | D:1      | Reached XP level 2. HP: 27/27 MP: 1/1
  1490 | D:2      | Reached skill level 3 in Axes
  1490 | D:2      | Reached XP level 3. HP: 22/33 MP: 2/2
  2218 | D:3      | Reached XP level 4. HP: 38/40 MP: 3/3
  2252 | D:3      | Noticed Robin
  2259 | D:3      | Killed Robin
  2260 | D:3      | Reached skill level 4 in Axes
  2397 | D:3      | Reached skill level 1 in Dodging
  2397 | D:3      | Reached XP level 5. HP: 38/46 MP: 4/4
  2397 | D:3      | Noticed Jessica
  2412 | D:3      | Killed Jessica
  2645 | D:3      | Reached skill level 5 in Axes
  2705 | D:3      | Found a runed translucent door.
  2706 | D:3      | Noticed Crazy Yiuf
  2762 | D:3      | Found an opulent altar of Gozag.
  2769 | D:3      | Became a worshipper of Gozag Ym Sagoz the Greedy
  2802 | D:3      | You are sucked into a shaft and drop 2 floors!
  2802 | D:5      | Entered Level 5 of the Dungeon
  2832 | D:5      | Noticed an ogre
  2835 | D:5      | Noticed a centaur
  2846 | D:5      | Killed a centaur
  2847 | D:5      | Reached XP level 6. HP: 12/53 MP: 5/5
  2850 | D:5      | Reached skill level 5 in Armour
  3006 | D:4      | Reached skill level 6 in Axes
  3106 | D:5      | Reached XP level 7. HP: 60/60 MP: 6/6
  3179 | D:4      | Reached skill level 5 in Shields
  3485 | D:3      | Killed Crazy Yiuf
  3852 | D:4      | Found a snail-covered altar of Cheibriados.
  4253 | D:4      | Reached skill level 7 in Axes
  4931 | D:5      | Found a burning altar of Makhleb.
  4931 | D:5      | Found a radiant altar of Vehumet.
  4931 | D:5      | Noticed Sigmund
  4938 | D:5      | Killed Sigmund
  5009 | D:5      | Engulfed by a cloud of flame

Illustrated notes

Levels and vault maps discovered:
D:1:      amcnicky_arrival_single_pillar, layout_loops_corners,
          minmay_misc_feat_x, kennysheep_decorative_pillar
D:2:      layout_basic
D:3:      layout_rooms, grunt_gozag_breadcrumbs, uniq_robin,
          uniq_crazy_yiuf_cottage, uniq_jessica
D:4:      layout_basic, kennysheep_little_box
D:5:      layout_rooms, grunt_temple_overflow_lords_of_destruction,
          kennysheep_generic_room_4, uniq_sigmund

Skill      XL: |  1  2  3  4  5  6  7 |
---------------+----------------------+-----
Armour         | 4 5 |  5.9
Fighting       | 4 |  4.9
Axes           | 3 4 5 6 7 |  7.3
Shields        | 4 5 |  5.5
Dodging        | 1 2 3 |  3.0
Stealth        | |  0.7

Action                   |  1- 3 |  4- 6 |  7- 9 || total
-------------------------+-------+-------+-------++-------
Melee: War axe           |    69 |    87 |    66 ||   222
       Headbutt          |     8 |    10 |    11 ||    29
  Use: Potion            |     1 |     1 |       ||     2
       Scroll            |       |     2 |     5 ||     7
 Stab: Distracted        |       |     1 |       ||     1
Armor: Scale mail        |    40 |    51 |       ||    91
       Ice dragon scales |       |    14 |    34 ||    48
Dodge: Dodged            |    30 |    43 |    26 ||    99
Block: Kite shield       |    52 |    60 |    39 ||   151

Table legend: (Time is in decaauts)
 A = Elapsed time spent in this place.
 B = Non-inter-level travel time spent in this place.
 C = Inter-level travel time spent in this place.
 D = Time resting spent in this place.
 E = Time spent auto-exploring this place.
 F = Levels seen in this place.
 G = Mean time per level.
                   A        B        C        D        E       F      G
               +--------+--------+--------+--------+--------+-----+--------+
         Total |   5124 |   5041 |     83 |   1070 |   2662 |   5 | 1024.8 |
       Dungeon |   5124 |   5041 |     83 |   1070 |   2662 |   5 | 1024.8 |
               +--------+--------+--------+--------+--------+-----+--------+

Top non-repeatable levels by time:
     D:4: 1313 daAuts
     D:1: 1179 daAuts
     D:3: 1150 daAuts
     D:2: 1138 daAuts
     D:5: 343 daAuts
